 Dungeon Crawl Stone Soup version 0.28.0-49-g6dfe1f597d (webtiles) character file.

Game seed: 14490274098363034333

18 GigaChad the Shield-Bearer (level 2, -6/27 HPs)
             Began as a Minotaur Fighter on May 12, 2022.
             Mangled by Sigmund
             ... wielding a +0 scythe
              (10 damage)
             ... on level 2 of the Dungeon.
             The game lasted 00:01:39 (453 turns).

GigaChad the Shield-Bearer (Minotaur Fighter)        Turns: 453, Time: 00:01:40

Health: -6/27      AC:  7    Str: 20    XL:     2   Next: 51%
Magic:  1/1        EV:  9    Int:  5    God:
Gold:   26         SH:  4    Dex:  9    Spells: 1/1 levels left

rFire   . . .      SeeInvis .   a - +0 long sword
rCold   . . .      Faith    .   c - +0 buckler
rNeg    . . .      Spirit   .   b - +0 scale mail
rPois   .          Reflect  .   (helmet restricted)
rElec   .          Harm     .   (no cloak)
rCorr   .          Rampage  .   (no gloves)
Will    .....                   (no boots)
Stlth   ..........              (no amulet)
HPRegen 0.09/turn               (no ring)
MPRegen 0.07/turn               (no ring)

@: no status effects
A: horns 2, retaliatory headbutt
a: no special abilities


You were on level 2 of the Dungeon.
You visited 1 branch of the dungeon, and saw 2 of its levels.

You collected 26 gold pieces.

Inventory:

Hand Weapons
 a - a +0 long sword (weapon)
Armour
 b - a +0 scale mail (worn)
 c - a +0 buckler (worn)
Jewellery
 e - a ring of resist corrosion
Scrolls
 f - a scroll of identify {unknown}
Potions
 d - a potion of might
 g - a potion of resistance {unknown}


   Skills:
 + Level 3.9 Fighting
 + Level 2.6 Long Blades
 + Level 3.9 Armour
 + Level 0.4 Dodging
 + Level 4.0 Shields


You had one spell level left.
You didn't know any spells.
Your spell library was empty.

Dungeon Overview and Level Annotations

Branches:
Dungeon (2/15)

Altars:

Shops:
D:1 *

Annotations:
D:2 Sigmund


Innate Abilities, Weirdness & Mutations

You have a pair of horns on your head.
You reflexively headbutt those who attack you in melee.


Message History

You barely miss Sigmund.
Sigmund is heavily wounded.
Sigmund barely misses you.
You hit Sigmund.
Sigmund is heavily wounded.
The endoplasm hits you. Sigmund gestures at you while chanting.
You resist with significant effort. The endoplasm barely misses you.
You hit Sigmund.
Sigmund is severely wounded.
Sigmund points at you and mumbles some strange words.
You are confused.
The endoplasm freezes you.
You are frozen.
Sigmund gestures at you while chanting. The puff of flame hits you.
* * * LOW HITPOINT WARNING * * *
You barely miss Sigmund. Your headbutt misses Sigmund.
Sigmund is severely wounded.
The endoplasm barely misses you. The endoplasm closely misses you.
Sigmund hits you but does no damage. The endoplasm closely misses you.
A ball python comes into view.
The ball python hisses angrily.
The endoplasm freezes you.
You are frozen.
* * * LOW HITPOINT WARNING * * *
Found a scroll labelled PIALAECU WYRGHO and 11 gold pieces.
Sigmund screams, "Don't try to resist!"
You bump into the rock wall.
The endoplasm hits you.
* * * LOW HITPOINT WARNING * * *
You barely miss the endoplasm.
You feel less confused. Sigmund barely misses you. The endoplasm freezes you.
You are frozen.
* * * LOW HITPOINT WARNING * * *
You slash the endoplasm!
You kill the endoplasm!
Sigmund hits you from afar with a +0 scythe!
You die...

## #.#. $≈ ..
... ≈≈≈ #.
..#.≈≈ ?. ..#.≈
.##...# ..... #
#..# # #.
#@.#.#
#.###S#..#
#....J@.##
###<...##
#......#
.......#...#
...##....###..#
... .....# .##
## .##..#. #


You could see Sigmund, an endoplasm and a ball python.

Vanquished Creatures
  A dart slug (D:1)
  2 ball pythons (D:1)
  A bat (D:1)
  An endoplasm (D:2)
  A giant cockroach (D:1)
  2 jackals (D:1)
  2 quokkas (D:1)
  2 frilled lizards (D:1)
  2 kobolds (D:1)
  3 rats (D:1)
17 creatures vanquished.

Notes
Turn   | Place    | Note
-------+----------+-------------------------------------------
     0 | D:1      | GigaChad the Minotaur Fighter began the quest for the Orb.
     0 | D:1      | Reached XP level 1. HP: 19/19 MP: 0/0
   121 | D:1      | Found Egaclas's Assorted Antiques.
   164 | D:1      | Reached XP level 2. HP: 23/27 MP: 1/1
   218 | D:1      | Reached skill level 4 in Shields
   440 | D:2      | Noticed Sigmund
   453 | D:2      | Mangled by Sigmund

Illustrated notes

Levels and vault maps discovered:
D:1:      saegor_arrival_miasma, layout_loops_ring, serial_shops, shop_statue
D:2:      layout_rooms, basic_altar, hellmonk_ecumenical_altar_defaced_shrine,
          chequers_serial_rivers_large_a, uniq_sigmund

Skill      XL: |  1  2 |
---------------+-------+-----
Shields        | 4 |  4.0
Fighting       | |  3.9
Long Blades    | |  2.6
Armour         | |  3.9
Dodging        | |  0.4

Action                   || total
-------------------------++-------
Melee: Long sword        ||    50
       Headbutt          ||     8
Armor: Scale mail        ||    29
Dodge: Dodged            ||    29
Block: Buckler           ||    15
